[ AOE2 MATCH · #470132901 ]
UnrankedKhitans vs Turks
[ REPLAY ANALYSIS · EXTRACTED FROM THE RECORDED GAME ]
Feudal
9:44
Castle
19:16
Imperial
—
| APM avg | 41.9 |
| APM peak | 93 |
| eAPM avg | 16.8 |
| Villagers / military | 63 / 46 |
Focus
⚔️ 24.5% · 🌾 75.5%
Spearman ×21 · Skirmisher ×21 · Archer ×2 · Iron Pagoda ×2
Feudal
9:30
Castle
21:46
Imperial
—
| APM avg | 47.0 |
| APM peak | 85 |
| eAPM avg | 20.5 |
| Villagers / military | 66 / 60 |
Focus
⚔️ 30.3% · 🌾 69.7%
Spearman ×35 · Magyar Huszar ×9 · Scout Cavalry ×5 · Archer ×4 · Knight ×3 · Mangonel ×2
Feudal
10:07
Castle
24:40
Imperial
41:37
| APM avg | 47.5 |
| APM peak | 91 |
| eAPM avg | 19.6 |
| Villagers / military | 96 / 82 |
Focus
⚔️ 30.6% · 🌾 69.4%
Scout Cavalry ×57 · Camel Scout ×21 · Spearman ×3 · Knight ×1
Feudal
10:00
Castle
24:10
Imperial
37:05
| APM avg | 58.2 |
| APM peak | 122 |
| eAPM avg | 25.9 |
| Villagers / military | 136 / 70 |
Focus
⚔️ 30.2% · 🌾 69.8%
Archer ×61 · Fishing Ship ×14 · Bombard Cannon ×4 · Mangonel ×2 · Trebuchet (Packed) ×2 · Spearman ×1
Match map
Initial resources + every placement click. Lines = walls · curves = elevation contours. ◆ gold · ⬟ stone · ● berries · ✦ relic · ◌ wall gap
Your base· ✓ Closed at 19:16 · 42t walls · 1 gate(s)
ෆོ星璃's base· Open — opponent sealed themselves in
karter767's base· ✓ Closed at 24:40 · 54t walls · no gate
Alfred the Great's base· ✓ Closed at 24:10 · 46t walls · 1 gate(s)
Smoothed initial terrain · ◌ = detected wall gap · hover for details
Inputs per minute
— 星辰極光 - - ෆོ星璃
Build order — 星辰極光
First 150 of 179 actions detected
| 0:01 | Create | Villager (Male) |
| 0:02 | Build | House |
| 0:04 | Build | House |
| 0:12 | Create | Villager (Male) ×3 |
| 1:36 | Create | Villager (Male) |
| 1:55 | Build | Lumber Camp |
| 2:15 | Create | Villager (Male) |
| 2:47 | Create | Villager (Male) |
| 2:47 | Create | Villager (Male) |
| 3:08 | Create | Villager (Male) |
| 3:35 | Create | Villager (Male) |
| 3:42 | Build | House |
| 3:57 | Create | Villager (Male) |
| 4:08 | Build | House |
| 4:09 | Build | House |
| 4:30 | Create | Villager (Male) |
| 4:30 | Create | Villager (Male) |
| 4:30 | Create | Villager (Male) |
| 5:26 | Build | Mill |
| 5:40 | Create | Villager (Male) |
| 5:41 | Create | Villager (Male) |
| 6:20 | Create | Villager (Male) |
| 6:21 | Create | Villager (Male) |
| 6:39 | Build | Mining Camp |
| 7:01 | Create | Villager (Male) |
| 7:34 | Research | Feudal Age |
| 9:10 | Build | Barracks |
| 9:29 | Build | Palisade Wall |
| 9:32 | Research | Loom |
| 9:44 | Age | Feudal Age |
| 9:48 | Research | Double-Bit Axe |
| 10:29 | Create | Villager (Male) |
| 10:42 | Build | Archery Range |
| 10:45 | Create | Villager (Male) |
| 10:57 | Create | Spearman |
| 11:33 | Create | Spearman |
| 11:33 | Create | Villager (Male) |
| 11:48 | Create | Archer |
| 11:48 | Create | Archer |
| 11:48 | Create | Skirmisher |
| 11:50 | Create | Skirmisher |
| 12:01 | Build | House |
| 12:29 | Build | Pasture |
| 12:31 | Build | Pasture |
| 12:46 | Build | Palisade Wall |
| 12:54 | Create | Skirmisher |
| 13:17 | Build | Blacksmith |
| 13:27 | Create | Skirmisher |
| 13:32 | Create | Spearman |
| 13:36 | Create | Villager (Male) |
| 14:02 | Build | Palisade Wall |
| 14:07 | Build | Palisade Gate |
| 14:16 | Build | Palisade Wall |
| 14:19 | Create | Villager (Male) |
| 14:19 | Create | Villager (Male) |
| 14:23 | Create | Villager (Male) |
| 14:27 | Build | House |
| 14:29 | Build | House |
| 15:12 | Research | Tech 1014 |
| 15:18 | Build | Pasture |
| 15:37 | Build | House |
| 15:43 | Build | House |
| 15:47 | Build | House |
| 16:18 | Build | Mining Camp |
| 16:36 | Research | Castle Age |
| 17:00 | Create | Villager (Male) |
| 18:17 | Build | Pasture |
| 18:52 | Research | Wheelbarrow |
| 18:53 | Research | Town Watch |
| 18:53 | Create | Villager (Male) |
| 19:03 | Build | Pasture |
| 19:16 | Age | Castle Age |
| 19:24 | Create | Skirmisher |
| 19:24 | Create | Skirmisher |
| 19:31 | Research | Elite Skirmisher (upgrade) |
| 19:34 | Research | Fletching |
| 19:35 | Research | Padded Archer Armor |
| 19:36 | Research | Padded Archer Armor |
| 19:58 | Build | Archery Range |
| 20:13 | Create | Spearman |
| 20:25 | Create | Skirmisher |
| 20:26 | Create | Spearman |
| 20:39 | Create | Skirmisher |
| 20:40 | Create | Spearman |
| 20:47 | Create | Villager (Male) |
| 21:07 | Create | Skirmisher |
| 21:32 | Create | Spearman |
| 22:57 | Create | Villager (Male) |
| 23:26 | Create | Spearman |
| 23:35 | Build | House |
| 23:42 | Create | Villager (Male) |
| 23:42 | Create | Villager (Male) |
| 23:43 | Create | Villager (Male) |
| 23:43 | Create | Villager (Male) |
| 23:43 | Create | Villager (Male) |
| 24:04 | Create | Villager (Male) |
| 24:46 | Research | Forging |
| 24:49 | Create | Skirmisher |
| 24:49 | Create | Skirmisher |
| 25:45 | Build | Pasture |
| 25:50 | Build | Pasture |
| 25:54 | Create | Villager (Male) |
| 26:18 | Create | Skirmisher |
| 26:18 | Create | Skirmisher |
| 26:21 | Research | Pikeman (upgrade) |
| 26:31 | Create | Villager (Male) |
| 26:32 | Create | Villager (Male) |
| 26:50 | Create | Villager (Male) |
| 27:02 | Build | Pasture |
| 27:02 | Build | Pasture |
| 27:34 | Create | Villager (Male) |
| 27:52 | Create | Villager (Male) |
| 28:16 | Build | Market |
| 28:23 | Create | Villager (Male) |
| 28:47 | Build | Castle |
| 28:52 | Create | Villager (Male) |
| 28:53 | Create | Villager (Male) |
| 29:08 | Create | Villager (Male) |
| 29:09 | Create | Villager (Male) |
| 29:36 | Build | Lumber Camp |
| 29:53 | Create | Skirmisher |
| 29:54 | Create | Skirmisher |
| 30:22 | Build | Siege Workshop |
| 30:34 | Create | Villager (Male) |
| 30:36 | Create | Villager (Male) |
| 30:41 | Build | House |
| 30:42 | Build | House |
| 30:43 | Build | House |
| 30:44 | Build | House |
| 30:45 | Build | House |
| 30:45 | Build | House |
| 30:46 | Build | House |
| 30:53 | Create | Iron Pagoda |
| 31:13 | Build | Castle |
| 31:19 | Create | Villager (Male) |
| 31:37 | Build | House |
| 31:46 | Create | Iron Pagoda |
| 31:52 | Create | Spearman |
| 31:55 | Create | Spearman |
| 31:56 | Research | Scale Mail Armor |
| 32:00 | Create | Villager (Male) |
| 32:20 | Build | Barracks |
| 32:25 | Create | Spearman |
| 32:26 | Create | Skirmisher |
| 32:27 | Create | Skirmisher |
| 32:30 | Create | Villager (Male) |
| 32:33 | Create | Villager (Male) |
| 32:39 | Create | Villager (Male) |
| 33:00 | Create | Skirmisher |
| 33:00 | Create | Skirmisher |
Build order — ෆོ星璃
First 150 of 200 actions detected
| 0:00 | Create | Villager (Male) |
| 0:00 | Create | Villager (Male) |
| 0:01 | Create | Villager (Male) |
| 0:01 | Create | Villager (Male) |
| 0:02 | Build | House |
| 0:03 | Build | House |
| 1:30 | Create | Villager (Male) |
| 2:06 | Create | Villager (Male) |
| 2:22 | Build | Lumber Camp |
| 2:31 | Create | Villager (Male) |
| 2:58 | Create | Villager (Male) |
| 3:20 | Create | Villager (Male) |
| 3:32 | Create | Villager (Male) |
| 3:41 | Build | House |
| 3:44 | Build | House |
| 4:03 | Create | Villager (Male) |
| 4:27 | Create | Villager (Male) |
| 4:39 | Create | Villager (Male) |
| 5:14 | Create | Villager (Male) |
| 5:43 | Build | House |
| 5:45 | Create | Villager (Male) |
| 6:05 | Build | Mill |
| 6:14 | Create | Villager (Male) |
| 7:20 | Research | Feudal Age |
| 8:13 | Build | Barracks |
| 8:31 | Research | Loom |
| 9:30 | Age | Feudal Age |
| 9:32 | Build | Stable |
| 9:36 | Create | Villager (Male) |
| 9:53 | Build | House |
| 10:08 | Create | Scout Cavalry |
| 10:08 | Create | Scout Cavalry |
| 10:17 | Create | Villager (Male) |
| 10:44 | Create | Scout Cavalry |
| 10:50 | Build | Blacksmith |
| 11:17 | Create | Scout Cavalry |
| 11:20 | Create | Spearman |
| 11:31 | Create | Villager (Male) |
| 11:32 | Create | Villager (Male) |
| 11:35 | Build | House |
| 11:36 | Build | House |
| 11:38 | Build | House |
| 11:42 | Build | Palisade Wall |
| 11:51 | Research | Scale Barding Armor |
| 11:54 | Create | Scout Cavalry |
| 11:59 | Build | Farm |
| 11:59 | Build | Farm |
| 12:01 | Build | Farm |
| 12:27 | Build | Farm |
| 12:27 | Create | Villager (Male) |
| 13:14 | Build | Farm |
| 13:26 | Build | Market |
| 14:20 | Create | Spearman |
| 14:38 | Create | Spearman |
| 14:52 | Build | Mining Camp |
| 14:54 | Create | Villager (Male) |
| 15:11 | Create | Villager (Male) |
| 15:44 | Build | Palisade Gate |
| 15:52 | Build | Palisade Gate |
| 15:58 | Create | Villager (Male) |
| 16:00 | Create | Villager (Male) |
| 16:03 | Build | Farm |
| 16:21 | Build | Farm |
| 16:22 | Create | Villager (Male) |
| 16:41 | Research | Double-Bit Axe |
| 16:54 | Build | Farm |
| 16:59 | Build | Palisade Gate |
| 17:13 | Create | Villager (Male) |
| 17:19 | Build | Archery Range |
| 17:23 | Create | Villager (Male) |
| 17:28 | Build | Palisade Gate |
| 17:55 | Build | Palisade Wall |
| 18:07 | Create | Villager (Male) |
| 19:06 | Research | Castle Age |
| 19:27 | Build | House |
| 19:28 | Build | House |
| 19:30 | Build | House |
| 19:44 | Build | Palisade Wall |
| 20:02 | Build | Lumber Camp |
| 20:21 | Research | Gold Mining |
| 20:48 | Build | House |
| 20:49 | Build | House |
| 21:25 | Create | Archer |
| 21:26 | Create | Archer |
| 21:33 | Create | Villager (Male) |
| 21:39 | Build | House |
| 21:40 | Build | House |
| 21:44 | Create | Villager (Male) |
| 21:46 | Age | Castle Age |
| 21:55 | Research | Bow Saw |
| 22:00 | Create | Knight |
| 22:00 | Create | Knight |
| 22:14 | Research | Fletching |
| 22:21 | Build | Farm |
| 22:28 | Research | Horse Collar |
| 22:34 | Create | Knight |
| 22:39 | Build | Archery Range |
| 22:42 | Create | Archer |
| 23:17 | Create | Villager (Male) |
| 23:34 | Create | Archer |
| 23:51 | Build | Farm |
| 23:55 | Build | Farm |
| 23:59 | Build | Farm |
| 23:59 | Create | Villager (Male) |
| 23:59 | Create | Villager (Male) |
| 25:00 | Build | Farm |
| 25:03 | Build | Farm |
| 25:41 | Build | Palisade Gate |
| 25:44 | Create | Spearman |
| 25:44 | Create | Spearman |
| 26:46 | Create | Spearman |
| 26:47 | Create | Spearman |
| 26:52 | Build | Barracks |
| 27:56 | Research | Pikeman (upgrade) |
| 28:08 | Create | Villager (Male) |
| 28:08 | Create | Villager (Male) |
| 28:39 | Build | Town Center |
| 28:41 | Create | Villager (Male) |
| 28:50 | Create | Villager (Male) |
| 29:02 | Build | Farm |
| 29:28 | Create | Spearman |
| 29:28 | Create | Spearman |
| 29:30 | Create | Spearman |
| 29:30 | Create | Spearman |
| 29:30 | Create | Spearman |
| 29:41 | Build | Siege Workshop |
| 29:46 | Create | Villager (Male) |
| 29:55 | Research | Scale Mail Armor |
| 29:58 | Create | Spearman |
| 30:06 | Create | Mangonel |
| 30:12 | Create | Mangonel |
| 30:16 | Create | Spearman |
| 30:17 | Create | Spearman |
| 30:18 | Create | Villager (Male) |
| 30:20 | Create | Villager (Male) |
| 30:46 | Build | Market |
| 30:50 | Build | Stone Wall |
| 30:55 | Create | Spearman |
| 30:57 | Create | Spearman |
| 31:00 | Create | Villager (Male) |
| 31:03 | Create | Villager (Male) |
| 31:45 | Create | Spearman |
| 31:45 | Create | Spearman |
| 32:05 | Create | Spearman |
| 32:06 | Create | Spearman |
| 32:07 | Create | Spearman |
| 32:07 | Create | Spearman |
| 32:07 | Create | Spearman |
| 32:07 | Create | Spearman |
| 32:44 | Create | Villager (Male) |
Build order — karter767
First 150 of 320 actions detected
| 0:01 | Create | Villager (Male) |
| 0:01 | Create | Villager (Male) |
| 0:02 | Create | Villager (Male) |
| 0:03 | Build | House |
| 0:09 | Build | House |
| 0:29 | Create | Villager (Male) |
| 0:29 | Create | Villager (Male) |
| 1:44 | Create | Villager (Male) |
| 1:44 | Create | Villager (Male) |
| 2:07 | Create | Villager (Male) |
| 2:28 | Build | Lumber Camp |
| 2:33 | Create | Villager (Male) |
| 2:38 | Build | House |
| 3:14 | Create | Villager (Male) |
| 3:14 | Create | Villager (Male) |
| 3:47 | Create | Villager (Male) |
| 4:18 | Create | Villager (Male) |
| 4:39 | Create | Villager (Male) |
| 5:15 | Create | Villager (Male) |
| 5:21 | Build | House |
| 5:29 | Create | Villager (Male) |
| 5:40 | Create | Villager (Male) |
| 6:02 | Create | Villager (Male) |
| 6:12 | Create | Villager (Male) |
| 6:12 | Create | Villager (Male) |
| 6:47 | Build | Mill |
| 7:43 | Build | Barracks |
| 7:45 | Build | House |
| 7:47 | Build | Palisade Wall |
| 7:57 | Research | Feudal Age |
| 8:38 | Build | Palisade Wall |
| 8:57 | Build | Farm |
| 9:05 | Build | Farm |
| 9:19 | Build | Palisade Wall |
| 9:25 | Build | Palisade Wall |
| 9:32 | Create | Villager (Male) |
| 9:40 | Build | Farm |
| 9:42 | Create | Villager (Male) |
| 9:49 | Research | Loom |
| 9:50 | Create | Villager (Male) |
| 9:55 | Build | Palisade Wall |
| 9:56 | Build | Palisade Wall |
| 10:07 | Age | Feudal Age |
| 10:15 | Build | Farm |
| 10:23 | Build | Stable |
| 10:27 | Build | Palisade Wall |
| 10:45 | Build | Palisade Wall |
| 10:50 | Build | Palisade Wall |
| 10:57 | Create | Villager (Male) |
| 10:58 | Create | Villager (Male) |
| 11:13 | Build | Blacksmith |
| 11:16 | Build | Palisade Wall |
| 11:19 | Build | Palisade Wall |
| 11:21 | Create | Villager (Male) |
| 11:22 | Create | Scout Cavalry |
| 11:32 | Create | Spearman |
| 11:40 | Build | Palisade Wall |
| 11:51 | Create | Scout Cavalry |
| 12:12 | Create | Scout Cavalry |
| 12:23 | Build | Farm |
| 12:24 | Build | Farm |
| 12:27 | Build | House |
| 12:30 | Research | Wheelbarrow |
| 12:49 | Create | Villager (Male) |
| 13:04 | Create | Scout Cavalry |
| 13:16 | Build | Palisade Wall |
| 13:23 | Build | House |
| 13:26 | Create | Spearman |
| 13:35 | Create | Villager (Male) |
| 14:06 | Create | Villager (Male) |
| 14:08 | Create | Scout Cavalry |
| 14:12 | Build | Farm |
| 14:39 | Create | Scout Cavalry |
| 14:47 | Build | Mining Camp |
| 14:57 | Build | Market |
| 14:58 | Create | Villager (Male) |
| 15:01 | Build | Farm |
| 15:02 | Build | Farm |
| 15:38 | Create | Villager (Male) |
| 15:40 | Create | Scout Cavalry |
| 15:44 | Build | House |
| 15:45 | Build | House |
| 15:48 | Build | Farm |
| 16:19 | Create | Villager (Male) |
| 16:20 | Create | Scout Cavalry |
| 16:28 | Research | Forging |
| 16:43 | Create | Villager (Male) |
| 16:47 | Build | House |
| 16:49 | Build | House |
| 16:56 | Build | Lumber Camp |
| 17:26 | Build | Stable |
| 17:34 | Create | Villager (Male) |
| 17:36 | Create | Villager (Male) |
| 17:57 | Research | Scale Barding Armor |
| 18:01 | Build | House |
| 18:04 | Build | House |
| 18:05 | Build | House |
| 18:13 | Build | Farm |
| 18:20 | Build | Farm |
| 18:25 | Build | Farm |
| 18:37 | Build | Farm |
| 18:39 | Create | Villager (Male) |
| 19:22 | Create | Villager (Male) |
| 19:27 | Build | Farm |
| 19:34 | Build | Farm |
| 20:00 | Create | Villager (Male) |
| 20:04 | Build | Farm |
| 20:06 | Build | Farm |
| 20:14 | Build | Farm |
| 20:14 | Build | Farm |
| 20:15 | Build | Farm |
| 20:26 | Create | Villager (Male) |
| 20:32 | Build | Farm |
| 20:41 | Build | Farm |
| 21:28 | Create | Villager (Male) |
| 21:32 | Build | Farm |
| 21:34 | Build | Farm |
| 22:00 | Research | Castle Age |
| 22:28 | Research | Bloodlines |
| 22:29 | Create | Scout Cavalry |
| 23:30 | Create | Scout Cavalry |
| 23:37 | Create | Villager (Male) |
| 23:42 | Build | House |
| 23:47 | Research | Horse Collar |
| 23:48 | Research | Double-Bit Axe |
| 23:52 | Build | Farm |
| 23:58 | Build | Farm |
| 24:02 | Build | Farm |
| 24:07 | Create | Scout Cavalry |
| 24:40 | Age | Castle Age |
| 24:42 | Create | Scout Cavalry |
| 24:53 | Create | Knight |
| 25:06 | Create | Spearman |
| 25:11 | Create | Villager (Male) |
| 25:11 | Create | Villager (Male) |
| 25:30 | Build | Town Center |
| 25:45 | Create | Villager (Male) |
| 25:47 | Create | Villager (Male) |
| 25:48 | Create | Camel Scout |
| 25:49 | Create | Camel Scout |
| 26:01 | Create | Villager (Male) |
| 26:03 | Create | Camel Scout |
| 26:04 | Create | Villager (Male) |
| 26:11 | Build | Town Center |
| 26:17 | Research | Bow Saw |
| 26:20 | Create | Camel Scout |
| 26:29 | Research | Chain Barding Armor |
| 26:46 | Create | Camel Scout |
| 26:58 | Build | House |
| 27:27 | Research | Fletching |
Build order — Alfred the Great
First 150 of 414 actions detected
| 0:01 | Create | Villager (Male) |
| 0:01 | Create | Villager (Male) |
| 0:02 | Build | House |
| 0:03 | Build | House |
| 0:11 | Create | Villager (Male) |
| 0:11 | Create | Villager (Male) |
| 1:28 | Create | Villager (Male) |
| 1:28 | Create | Villager (Male) |
| 1:28 | Create | Villager (Male) |
| 2:03 | Build | Lumber Camp |
| 2:08 | Create | Villager (Male) |
| 2:08 | Create | Villager (Male) |
| 2:40 | Create | Villager (Male) |
| 2:40 | Create | Villager (Male) |
| 2:57 | Create | Villager (Male) |
| 2:58 | Create | Villager (Male) |
| 2:58 | Create | Villager (Male) |
| 3:09 | Create | Villager (Male) |
| 3:09 | Create | Villager (Male) |
| 3:32 | Build | House |
| 3:50 | Create | Villager (Male) |
| 3:50 | Create | Villager (Male) |
| 4:15 | Build | House |
| 4:20 | Create | Villager (Male) |
| 4:20 | Create | Villager (Male) |
| 4:20 | Create | Villager (Male) |
| 4:35 | Create | Villager (Male) |
| 4:47 | Build | Mill |
| 4:53 | Create | Villager (Male) |
| 4:54 | Create | Villager (Male) |
| 4:59 | Create | Villager (Male) |
| 4:59 | Create | Villager (Male) |
| 5:42 | Create | Villager (Male) |
| 5:42 | Create | Villager (Male) |
| 5:42 | Create | Villager (Male) |
| 6:53 | Research | Loom |
| 6:53 | Research | Loom |
| 7:15 | Build | Lumber Camp |
| 7:50 | Research | Feudal Age |
| 7:50 | Research | Feudal Age |
| 8:33 | Build | Palisade Wall |
| 8:44 | Build | Barracks |
| 8:59 | Create | Villager (Male) |
| 9:20 | Build | House |
| 9:29 | Create | Villager (Male) |
| 9:39 | Build | Palisade Wall |
| 10:00 | Age | Feudal Age |
| 10:08 | Build | Palisade Wall |
| 10:15 | Create | Villager (Male) |
| 10:17 | Research | Double-Bit Axe |
| 10:19 | Create | Villager (Male) |
| 10:31 | Create | Spearman |
| 10:48 | Build | Archery Range |
| 11:10 | Create | Villager (Male) |
| 11:10 | Create | Villager (Male) |
| 11:31 | Build | Archery Range |
| 11:50 | Build | Palisade Wall |
| 12:16 | Create | Villager (Male) |
| 12:16 | Create | Villager (Male) |
| 12:18 | Build | House |
| 12:19 | Build | House |
| 12:33 | Build | Mining Camp |
| 13:06 | Create | Villager (Male) |
| 13:08 | Create | Villager (Male) |
| 13:08 | Create | Villager (Male) |
| 13:12 | Create | Villager (Male) |
| 13:23 | Build | House |
| 13:26 | Build | House |
| 13:29 | Build | Blacksmith |
| 13:37 | Create | Villager (Male) |
| 13:44 | Create | Archer |
| 13:44 | Create | Archer |
| 13:44 | Create | Archer |
| 14:17 | Research | Horse Collar |
| 14:17 | Research | Horse Collar |
| 14:20 | Build | Farm |
| 14:22 | Build | Farm |
| 14:28 | Build | Farm |
| 14:29 | Build | Farm |
| 14:30 | Build | Farm |
| 14:30 | Build | Farm |
| 14:31 | Build | Farm |
| 14:43 | Build | Farm |
| 14:44 | Build | Farm |
| 14:47 | Build | Farm |
| 14:48 | Build | Farm |
| 14:51 | Build | Farm |
| 14:53 | Create | Villager (Male) |
| 14:53 | Create | Villager (Male) |
| 15:10 | Create | Villager (Male) |
| 15:14 | Create | Archer |
| 15:14 | Create | Archer |
| 15:15 | Create | Archer |
| 15:15 | Create | Archer |
| 15:17 | Research | Fletching |
| 15:17 | Research | Fletching |
| 15:18 | Research | Fletching |
| 15:23 | Build | House |
| 15:24 | Build | House |
| 15:25 | Build | House |
| 15:33 | Research | Padded Archer Armor |
| 15:33 | Research | Padded Archer Armor |
| 15:59 | Create | Archer |
| 16:06 | Create | Villager (Male) |
| 16:20 | Build | Palisade Wall |
| 16:26 | Build | Dock |
| 16:37 | Create | Archer |
| 16:37 | Create | Archer |
| 16:41 | Create | Villager (Male) |
| 16:57 | Create | Villager (Male) |
| 17:09 | Create | Archer |
| 17:09 | Create | Archer |
| 17:42 | Build | Palisade Wall |
| 17:48 | Build | Palisade Wall |
| 17:50 | Build | Palisade Gate |
| 17:59 | Create | Archer |
| 17:59 | Create | Archer |
| 18:11 | Create | Fishing Ship |
| 18:11 | Create | Fishing Ship |
| 18:11 | Create | Fishing Ship |
| 18:11 | Create | Fishing Ship |
| 18:18 | Create | Villager (Male) |
| 18:19 | Create | Villager (Male) |
| 18:46 | Build | Palisade Wall |
| 18:47 | Build | House |
| 18:48 | Build | House |
| 18:49 | Build | House |
| 18:50 | Build | House |
| 18:51 | Build | House |
| 19:10 | Build | Lumber Camp |
| 19:14 | Create | Villager (Male) |
| 19:21 | Create | Fishing Ship |
| 19:21 | Create | Fishing Ship |
| 19:24 | Build | Fish Trap |
| 20:04 | Build | House |
| 21:30 | Research | Castle Age |
| 21:30 | Research | Castle Age |
| 21:33 | Build | Lumber Camp |
| 21:45 | Build | Fish Trap |
| 23:29 | Create | Archer |
| 23:29 | Create | Archer |
| 23:30 | Create | Archer |
| 23:30 | Create | Archer |
| 23:40 | Build | Archery Range |
| 23:45 | Build | Archery Range |
| 23:50 | Create | Archer |
| 23:51 | Create | Archer |
| 23:51 | Create | Archer |
| 23:51 | Create | Archer |
| 23:51 | Create | Archer |
Match timeline
| 7:43 | karter767 · first_building Barracks |
| 7:47 | karter767 · wall_segment Palisade Wall x1 |
| 8:13 | ෆོ星璃 · first_building Barracks |
| 8:33 | Alfred the Great · wall_segment Palisade Wall x14 |
| 8:38 | karter767 · wall_segment Palisade Wall x3 |
| 8:44 | Alfred the Great · first_building Barracks |
| 9:10 | 星辰極光 · first_building Barracks |
| 9:19 | karter767 · wall_segment Palisade Wall x7 |
| 9:25 | karter767 · wall_segment Palisade Wall x1 |
| 9:29 | 星辰極光 · wall_segment Palisade Wall x4 |
| 9:30 | ෆོ星璃 · age_up feudal |
| 9:32 | ෆོ星璃 · first_building Stable |
| 9:39 | Alfred the Great · wall_segment Palisade Wall x14 |
| 9:44 | 星辰極光 · age_up feudal |
| 9:55 | karter767 · wall_segment Palisade Wall x1 |
| 9:56 | karter767 · wall_segment Palisade Wall x1 |
| 10:00 | Alfred the Great · age_up feudal |
| 10:07 | karter767 · age_up feudal |
| 10:08 | Alfred the Great · wall_segment Palisade Wall x15 |
| 10:23 | karter767 · first_building Stable |
| 10:27 | karter767 · wall_segment Palisade Wall x1 |
| 10:42 | 星辰極光 · first_building Archery Range |
| 10:45 | karter767 · wall_segment Palisade Wall x7 |
| 10:48 | Alfred the Great · first_building Archery Range |
| 10:50 | karter767 · wall_segment Palisade Wall x1 |
| 11:16 | karter767 · wall_segment Palisade Wall x11 |
| 11:19 | karter767 · wall_segment Palisade Wall x6 |
| 11:40 | karter767 · wall_segment Palisade Wall x13 |
| 11:42 | ෆོ星璃 · wall_segment Palisade Wall x1 |
| 11:50 | Alfred the Great · wall_segment Palisade Wall x1 |
| 12:46 | 星辰極光 · wall_segment Palisade Wall x21 |
| 13:16 | karter767 · wall_segment Palisade Wall x1 |
| 14:02 | 星辰極光 · wall_segment Palisade Wall x6 |
| 14:16 | 星辰極光 · wall_segment Palisade Wall x11 |
| 16:20 | Alfred the Great · wall_segment Palisade Wall x1 |
| 16:26 | Alfred the Great · first_building Dock |
| 17:19 | ෆོ星璃 · first_building Archery Range |
| 17:42 | Alfred the Great · wall_segment Palisade Wall x1 |
| 17:48 | Alfred the Great · wall_segment Palisade Wall x1 |
| 17:55 | ෆོ星璃 · wall_segment Palisade Wall x2 |
| 18:25 | ෆོ星璃 · first_market_sell 100 stone |
| 18:27 | ෆོ星璃 · first_market_buy 100 food |
| 18:46 | Alfred the Great · wall_segment Palisade Wall x1 |
| 19:16 | 星辰極光 · age_up castle |
| 19:44 | ෆོ星璃 · wall_segment Palisade Wall x1 |
| 21:46 | ෆོ星璃 · age_up castle |
| 24:10 | Alfred the Great · age_up castle |
| 24:40 | karter767 · age_up castle |
| 28:47 | 星辰極光 · first_building Castle |
| 29:41 | ෆོ星璃 · first_building Siege Workshop |
| 30:19 | 星辰極光 · first_market_buy 100 wood |
| 30:22 | 星辰極光 · first_building Siege Workshop |
| 30:44 | karter767 · wall_segment Palisade Wall x10 |
| 30:48 | karter767 · wall_segment Palisade Wall x12 |
| 30:50 | ෆོ星璃 · wall_segment Stone Wall x1 |
| 30:52 | Alfred the Great · first_building Siege Workshop |
| 31:45 | 星辰極光 · first_market_sell 100 food |
| 33:27 | karter767 · first_building Monastery |
| 33:44 | 星辰極光 · wall_segment Stone Wall x11 |
| 34:03 | Alfred the Great · first_building Castle |
| 36:19 | ෆོ星璃 · first_building Castle |
| 37:05 | Alfred the Great · age_up imperial |
| 37:20 | karter767 · first_market_sell 100 wood |
| 39:40 | karter767 · first_market_buy 100 stone |
| 40:12 | karter767 · first_building Castle |
| 41:00 | Alfred the Great · first_building Stable |
| 41:36 | ෆོ星璃 · resign |
| 41:37 | karter767 · age_up imperial |
[ AI ANALYSIS · 1 CREDIT ]
What really happened in this match?
Wolo.gg analyzes every decision: build order, eco, micro, common mistakes by bracket. Personalized analysis on WhatsApp or Discord in 30 seconds.
Civ guide
Khitans
Perfil
Jugador #8216049